 Dungeon Crawl Stone Soup version 0.26-a0-662-g8b9c6dab81 (webtiles) character file.

Game seed: 3875882079881269439

877 runemasterragnar the Sneak (level 8, -7/54 HPs)
             Began as an Octopode Fighter on Oct 10, 2020.
             Hit by a stone thrown by an orc warrior (15 damage)
             ... on level 6 of the Dungeon.
             The game lasted 00:06:38 (5333 turns).

runemasterragnar the Sneak (Octopode Fighter)       Turns: 5333, Time: 00:06:39

Health: -7/54      AC:  1    Str: 15    XL:     8   Next: 4%
Magic:  8/8        EV: 12    Int: 12    God:
Gold:   339        SH:  9    Dex: 12    Spells: 7/7 levels left

rFire    + . .     SeeInvis +   a - +2 long sword
rCold    + . .     Faith    .   b - +0 kite shield
rNeg     . . .     Spirit   .   (helmet restricted)
rPois    +         Reflect  .   (no amulet)
rElec    +         Harm     .   e - +4 ring of slaying
rCorr    +         Rampage  .   h - ring of see invisible
MR       .....                  (no ring)
Stlth    ++++......             (no ring)
HPRegen  0.18/turn              (no ring)
MPRegen  0.11/turn              (no ring)
                                (no ring)
                                (no ring)

@: resistant
A: almost no armour, stealthy swim, amphibious, 8 rings, constrict 8, camouflage
1, gelatinous body 1
a: no special abilities


You were on level 6 of the Dungeon.
You visited 1 branch of the dungeon, and saw 6 of its levels.

You collected 339 gold pieces.

Inventory:

Hand Weapons
 a - a +2 long sword (weapon)
 t - a +0 dagger
 w - a +0 dagger of flaming
Missiles
 g - 2 javelins
 k - 99 sling bullets
 y - 3 poisoned darts (quivered)
Armour
 b - a +0 kite shield (worn)
Jewellery
 e - a +4 ring of slaying (left tentacle)
 h - a ring of see invisible (right tentacle)
 A - an uncursed ring of magical power
 C - an uncursed ring of magical power
Scrolls
 j - 3 scrolls of remove curse
 n - 5 scrolls of teleportation {unknown}
 p - a scroll of random uselessness {unknown}
 q - a scroll of enchant weapon
 u - a scroll of amnesia {unknown}
 v - 2 scrolls of fear {unknown}
 x - 2 scrolls of magic mapping {unknown}
 B - 5 scrolls of immolation
Potions
 c - 4 potions of might
 d - 2 potions of stabbing
 f - 2 potions of curing
 i - 4 potions of berserk rage
 l - 2 potions of magic
 m - 2 potions of degeneration
 o - a potion of mutation {unknown}
 r - a potion of resistance
 s - 2 potions of flight
 z - a potion of cancellation {unknown}


   Skills:
 + Level 4.1 Fighting
 + Level 5.4 Long Blades
 + Level 1.5 Throwing
 + Level 4.1 Dodging
 + Level 6.2 Stealth
 + Level 4.4 Shields


You had 7 spell levels left.
You didn't know any spells.
Your spell library contained the following spells:

 Spells                   Type           Power        Failure   Level
 Summon Small Mammal      Summ           #...         78%         1
 Call Imp                 Summ           #.......     89%         2
 Call Canine Familiar     Summ           #.......     98%         3
 Summon Guardian Golem    Hex/Summ       #.......     98%         3
 Summon Ice Beast         Ice/Summ       #.......     100%        4
 Summon Lightning Spire   Summ/Air       #.......     100%        4


Dungeon Overview and Level Annotations

Branches:
Dungeon (6/15)
 Temple: D:4-7

Altars:
Yredelemnul

Shops:
D:4 :   D:6 *

Annotations:
D:6 Grinder


Innate Abilities, Weirdness & Mutations

You cannot wear most types of armour.
You are very stealthy in the water. (Stealth+)
You are amphibious.
You can wear up to eight rings at the same time.
You can use your tentacles to constrict eight enemies at once.
Your skin changes colour to match your surroundings (Stealth+).
Your rubbery body absorbs attacks. (AC +1, EV +1)


Message History

The orc warrior is lightly wounded.
The orc warrior throws a stone.
The stone hits you!
Quiver which item? (- for none, * to show all) (? for menu, Esc to quit)
Okay, then.
Throwing (i - inventory. (/) - cycle)
y - 4 poisoned darts (quivered)
Press: ? - help, Shift-Dir - straight line, f/p - orc warrior
Aim: an orc warrior, wielding a +0 trident, wearing a +0 plate armour and quivering 7 stones (moderately wounded, very poisoned)
You throw a poisoned dart.
The poisoned dart barely misses the orc warrior.
The orc warrior throws a stone.
The stone hits you!!
* * * LOW HITPOINT WARNING * * *
Okay, then.
Okay, then.
It was a potion of resistance.
You feel protected.
The orc warrior throws a stone.
The stone misses you.
Okay, then.
Okay, then.
The orc warrior throws a stone.
The stone hits you!
You die...

#.#[####.##. #.#.#
#.# ##(#.## #.#
###.....###.##..
...(.....(.......
####...#o###(##..##
##.##.# #O# ..
#.##(###(##.#
#....o.(.@..#
####.###.#### (#
#.# #.# #.# #.# #.#
#..# #.# #.# ...###
#.# #.# ......
#.###.####...###
#..............##
####...O.........


You could see an orc warrior (very poisoned) and an ogre.

Vanquished Creatures
  A phantom (D:5)
  3 ogres
  A scorpion (D:6)
  2 hounds
  An orc wizard (D:3)
  A quasit (D:6)
  An orc priest (D:3)
  A bullfrog skeleton (D:6)
  An iguana (D:5)
  4 worker ants
  A hound zombie (D:5)
  6 adders
  An ufetubus (D:5)
  An ooze (D:3)
  An adder skeleton (D:6)
  3 worms
  A dart slug (D:2)
  A leopard gecko (D:1)
  11 orcs
  5 giant cockroaches
  9 goblins
  8 hobgoblins
  7 jackals (D:2)
  8 kobolds
  4 quokkas
  A ball python (D:2)
  7 bats
  2 frilled lizards
  3 rats (D:2)
96 creatures vanquished.

Notes
Turn   | Place    | Note
-------+----------+-------------------------------------------
     0 | D:1      | runemasterragnar the Octopode Fighter began the quest for
                  | the Orb.
     0 | D:1      | Reached XP level 1. HP: 16/16 MP: 1/1
   183 | D:1      | Reached XP level 2. HP: 12/21 MP: 2/2
   907 | D:2      | Reached XP level 3. HP: 17/26 MP: 3/3
  1212 | D:2      | Reached skill level 1 in Stealth
  1459 | D:2      | Reached XP level 4. HP: 29/31 MP: 4/4
  1785 | D:3      | You fall into a shaft and drop 3 floors!
  1785 | D:6      | Found Euqehydergh's Eclectic Emporium.
  1802 | D:6      | Noticed Grinder
  1844 | D:6      | Reached skill level 2 in Stealth
  1873 | D:6      | Reached skill level 3 in Stealth
  1873 | D:6      | Reached XP level 5. HP: 36/36 MP: 5/5
  1907 | D:6      | Noticed an ogre
  1931 | D:6      | Reached skill level 4 in Stealth
  2119 | D:6      | Noticed an orc warrior
  2127 | D:6      | Reached XP level 6. HP: 27/42 MP: 6/6
  2324 | D:5      | Entered Level 5 of the Dungeon
  2396 | D:5      | Reached skill level 5 in Stealth
  2634 | D:5      | Noticed a phantom
  2652 | D:5      | Killed a phantom
  2652 | D:5      | Reached XP level 7. HP: 47/47 MP: 7/7
  3074 | D:5      | Found a basalt altar of Yredelemnul.
  3218 | D:4      | Reached skill level 5 in Long Blades
  3218 | D:4      | Reached skill level 1 in Throwing
  3296 | D:4      | Found Suac's Book Boutique.
  3531 | D:3      | You fall into a shaft and drop 3 floors!
  4287 | D:3      | Reached skill level 6 in Stealth
  4514 | D:3      | Reached XP level 8. HP: 24/54 MP: 8/8
  5333 | D:6      | Hit by a stone thrown by an orc warrior

Illustrated notes

Levels and vault maps discovered:
D:1:      tarquinn_simple_flora_water_f, layout_loops_ring,
          kennysheep_small_spiral
D:2:      layout_rooms
D:3:      minmay_wonky_spiral, layout_basic, minmay_fractal_squares_5
D:4:      layout_cave_pools, serial_shops, shop
D:5:      layout_loops_ring, kennysheep_little_box, grunt_decor_cap
D:6:      layout_loops_ring, lemuel_blue_sif_altar, slow_altar_2,
          nicolae_alphabet_shops, uniq_grinder

Skill      XL: |  1  2  3  4  5  6  7 |
---------------+----------------------+-----
Stealth        | 1 3 4 5 6 |  6.2
Shields        | 4 |  4.4
Long Blades    | 3 4 5 |  5.4
Dodging        | 4 |  4.1
Throwing       | 1 |  1.5
Fighting       | 4 |  4.1

Action                   |  1- 3 |  4- 6 |  7- 9 || total
-------------------------+-------+-------+-------++-------
Melee: Long sword        |    58 |    27 |    63 ||   148
       Tentacles         |    12 |     7 |    13 ||    32
       Constrict         |    14 |     9 |    17 ||    40
Throw: Javelin           |       |     5 |    14 ||    19
       Dart              |       |       |    12 ||    12
  Use: Scroll            |     3 |     3 |     4 ||    10
       Potion            |       |       |     1 ||     1
 Stab: Sleeping          |     4 |     1 |    10 ||    15
Armor: Skin              |     8 |       |     1 ||     9
Dodge: Dodged            |    34 |    16 |    26 ||    76
Block: Kite shield       |    29 |    13 |    14 ||    56
       Rpst.: Long sword |     9 |    10 |     7 ||    26

Table legend: (Time is in decaauts)
 A = Elapsed time spent in this place.
 B = Non-inter-level travel time spent in this place.
 C = Inter-level travel time spent in this place.
 D = Time resting spent in this place.
 E = Time spent auto-exploring this place.
 F = Levels seen in this place.
 G = Mean time per level.
                   A        B        C        D        E       F      G
               +--------+--------+--------+--------+--------+-----+--------+
         Total |   5389 |   5156 |    233 |   1059 |   3264 |   6 |  898.2 |
       Dungeon |   5389 |   5156 |    233 |   1059 |   3264 |   6 |  898.2 |
               +--------+--------+--------+--------+--------+-----+--------+

Top non-repeatable levels by time:
     D:5: 1135 daAuts
     D:3: 1085 daAuts
     D:6: 1016 daAuts
     D:2: 860 daAuts
     D:1: 853 daAuts
     D:4: 437 daAuts
